 Dungeon Crawl Stone Soup version 0.16-a0-1885-g0f03bb0 (webtiles) character file.

111 Kraw the Ruffian (level 4, -1/35 HPs)
             Began as a Draconian Transmuter on Nov 7, 2014.
             Was a Follower of Nemelex Xobeh.
             Slain by a spiny frog (19 damage)
             ... summoned by the player character
             ... in a sewer.
             The game lasted 00:09:59 (2052 turns).

Kraw the Ruffian (Draconian Transmuter)             Turns: 2052, Time: 00:10:00

Health: -1/35      AC:  5    Str: 12    XL:     4   Next: 62%
Magic:  7/7        EV: 12    Int: 15    God:    Nemelex Xobeh [*.....]
Gold:   116        SH:  0    Dex: 11    Spells: 2 memorised, 3 levels left

rFire  . . .     SeeInvis .     b - +0 hunting sling
rCold  . . .     Clarity  .     (armour unavailable)
rNeg   . . .     SustAb   .     (no shield)
rPois  .         Gourm    .     (helmet restricted)
rElec  .         Spirit   .     (no cloak)
rCorr  .         Warding  .     (no gloves)
rMut   .         Stasis   .     (no boots)
MR     .....                    (no amulet)
Stlth  +.........               (no ring)
                                (no ring)

@: invisible, not resistant to hostile enchantments, very unstealthy
A: unfitting armour, cold-blooded, AC +5
a: Renounce Religion


You were in a sewer.
You worshipped Nemelex Xobeh.
Nemelex Xobeh was aware of your devotion.
You were not hungry.

You visited 1 branch of the dungeon, and saw 3 of its levels.
You also visited: Sewer.

You collected 116 gold pieces.

Inventory:

Hand weapons
 b - a +0 hunting sling (weapon)
Missiles
 e - 18 stones (quivered)
 g - 28 arrows
Jewellery
 p - an uncursed ring of poison resistance {unknown}
Magical devices
 r - a wand of slowing (20)
Scrolls
 c - a scroll of noise {unknown}
 f - 9 scrolls of identify {unknown}
 h - 4 scrolls of remove curse {unknown}
 l - 2 scrolls of immolation {unknown}
 q - a scroll of teleportation {unknown}
Potions
 n - a potion of curing {unknown}
 o - a potion of confusion {unknown}
Books
 d - a book of Changes

   Spells                             Type                      Level
   *Beastly Appendage                 Transmutation                1
   Sticks to Snakes                   Transmutation                2
   *Spider Form                       Transmutation/Poison         3
   Ice Form                           Ice/Transmutation            4
   Blade Hands                        Transmutation                5
Miscellaneous
 j - a plain deck of changes {drawn: 1}
 m - a plain deck of war {drawn: 6}
 t - a plain deck of war
Comestibles
 a - 4 bread rations
 k - 2 meat rations
 s - 3 chunks of flesh


   Skills:
 - Level 1.1 Fighting
 - Level 1.7 Dodging
 - Level 5.2 Unarmed Combat
 - Level 2.0 Spellcasting
 * Level 2.2 Transmutations
 + Level 0.8 Poison Magic


You had 3 spell levels left.
You knew the following spells:

 Your Spells              Type           Power        Failure   Level  Hunger
a - Beastly Appendage     Trmt           #.....       12%         1    #......
b - Spider Form           Trmt/Pois      #.........   34%         3    ###....


Dungeon Overview and Level Annotations

Branches:
Dungeon (3/15)

Altars:
Nemelex Xobeh

Annotations:
Sewer Purgy


Innate Abilities, Weirdness & Mutations

Your plain brown scales are hard (AC +5).
Your body does not fit into most forms of armour.
Your cold-blooded metabolism reacts poorly to cold.


Message History

Evoke which item? (* to show all) (? for menu, Esc to quit)
You draw a card...
It is the Potion.
You are confused.
The spiny frog barely misses you.
Are you sure you want to stumble around while confused and next to deep water?
Okay, then.
Evoke which item? (* to show all) (? for menu, Esc to quit)
You draw a card...
It is Venom.
You have drawn Venom.
Press: ? - help, Shift-Dir - straight line, f - spiny frog
Aim: a spiny frog (water, summoned)
The spiny frog stings you but does no damage.
Drink which item? (? for menu, Esc to quit)
You fade into invisibility!
It was a potion of invisibility.
You feel less confused. The spiny frog stings you!!
Ouch! That really hurt!
You die...
Your body disappears without a glow.

##.##
##...##
##.....##
#...≈...#
#..≈≈≈..#
#.≈≈≈≈≈.#
#..≈≈≈T.#
#...F...#
##..@..##
##.∩.##
##.## ###


You could see a spiny frog and Purgy.

Vanquished Creatures
  3 adders
  2 giant mites
  2 worms
  An orc (D:2)
  3 goblins
  8 hobgoblins
  3 ball pythons
  9 bats
  3 giant cockroaches
  5 giant newts
  4 jackals (D:2)
  6 kobolds
  A quokka (D:2)
  7 rats
57 creatures vanquished.

Vanquished Creatures (collateral kills)
  A killer bee (D:2)
  2 adders (D:2)
  A bat (Sewer)
4 creatures vanquished.

Vanquished Creatures (others)
  2 killer bees (D:2)
2 creatures vanquished.

Grand Total: 63 creatures vanquished

Notes
Turn   | Place    | Note
--------------------------------------------------------------
     0 | D:1      | Kraw, the Draconian Transmuter, began the quest for the Orb.
     0 | D:1      | Reached XP level 1. HP: 16/16 MP: 3/3
   368 | D:1      | Reached XP level 2. HP: 11/23 MP: 4/4
   893 | D:2      | Reached skill level 4 in Unarmed Combat
  1105 | D:2      | Found a sparkling altar of Nemelex Xobeh.
  1114 | D:2      | Became a worshipper of Nemelex Xobeh the Trickster
  1128 | D:2      | Reached XP level 3. HP: 28/28 MP: 4/6
  1243 | D:2      | Received a gift from Nemelex Xobeh
  1427 | D:2      | Reached XP level 4. HP: 31/35 MP: 7/7
  1466 | D:2      | Reached skill level 5 in Unarmed Combat
  1878 | D:3      | Learned a level 3 spell: Spider Form
  1971 | D:3      | Found a glowing drain.
  1990 | Sewer    | Entered a sewer
  1990 | Sewer    | Received a gift from Nemelex Xobeh
  2032 | Sewer    | Noticed Purgy
  2034 | Sewer    | Noticed a spiny frog
  2052 | Sewer    | Slain by a spiny frog

Action                   |  1- 3 |  4- 6 || total
-------------------------+-------+-------++-------
Melee: Unarmed           |    78 |    45 ||   123
 Fire: Hunting sling     |    66 |    26 ||    92
Throw: Stone             |     5 |     1 ||     6
 Cast: Beastly Appendage |     5 |     5 ||    10
Evoke: Deck              |     3 |     4 ||     7
  Use: Potion            |       |     1 ||     1
  Eat: Chunk             |     2 |     2 ||     4
